 Zot Defence DCSS version 0.15.2 (webtiles) character file.

117 IWILLDERPYOU the Ruinous (level 4, 0/1 (34) HPs)
             Began as a Draconian Conjurer on Oct 10, 2017.
             Rotted away (an orc)
             ... in the Realm of Zot (Scenario I: Hall of Zot).
             The game lasted 00:06:52 (613 turns).

IWILLDERPYOU the Ruinous (Draconian Conjurer)        Turns: 613, Time: 00:06:52

HP   0/1 (34)    AC  5     Str 11      XL: 4   Next: 71%
MP   7/7         EV 12     Int 16      God:
Gold 0           SH  0     Dex 11      Spells:  1 memorised,  6 levels left

rFire  . . .     SeeInvis .     m - +0 short sword
rCold  . . .     Clarity  .     (armour unavailable)
rNeg   . . .     rCorr    .     (no shield)
rPois  .         rRot     .     (helmet restricted)
rElec  .         Spirit   .     (no cloak)
SustAb .         Warding  .     (no gloves)
rMut   .         Stasis   .     (no boots)
Gourm  .                        (no amulet)
MR     .....                    (no ring)
                                (no ring)

@: not resistant to hostile enchantments, unstealthy
A: unfitting armour, cold-blooded, AC +5
a: Make oklob sapling, Make arrow trap, Make plant, Remove Curse


You were in the Realm of Zot.
You were not hungry.

You visited 1 branch

Inventory:

Hand weapons
 a - a +0 dagger
 j - a +0 dagger
 l - a +2 dagger of protection
 m - a +0 short sword (weapon)
Missiles
 k - 7 stones (quivered)
Comestibles
 d - a bread ration
Scrolls
 i - a scroll of blinking
Potions
 b - 3 potions of curing
 e - a potion of heal wounds
 f - a potion of haste
 g - 2 potions of magic
 h - a potion of berserk rage
Books
 c - a book of Conjurations

   Spells                             Type                      Level
   *Magic Dart                        Conjuration                  1
   Searing Ray                        Conjuration                  2
   Dazzling Spray                     Conjuration/Hexes            3
   Fulminant Prism                    Conjuration/Hexes            4
   Iskenderun's Mystic Blast          Conjuration                  4
   Iskenderun's Battlesphere          Conjuration/Charms           5


   Skills:
 + Level 0.9 Fighting
 + Level 0.6 Short Blades
 + Level 2.2 Dodging
 - Level 1.7 Stealth
 + Level 2.2 Spellcasting
 + Level 5.5 Conjurations


You had 6 spell levels left.
You knew the following spells:

 Your Spells              Type           Power        Failure   Level  Hunger
a - Magic Dart            Conj           ###.         1%          1    #......


Dungeon Overview and Level Annotations

Branches:
    Zot (1/1)

Altars:


Innate Abilities, Weirdness & Mutations

Your plain brown scales are hard (AC +5).
Your body does not fit into most forms of armour.
Your cold-blooded metabolism reacts poorly to cold.


Message History

Your flesh rots away as the Orb of Zot is desecrated. x2
The orc misses you.
You barely miss the goblin.
Your flesh rots away as the Orb of Zot is desecrated. x4
You barely miss the goblin.
Your flesh rots away as the Orb of Zot is desecrated. x4
The orc misses you.
An orc comes into view.
Your flesh rots away as the Orb of Zot is desecrated.
You hit the goblin.
You kill the goblin!
Your flesh rots away as the Orb of Zot is desecrated.
Your flesh rots away as the Orb of Zot is desecrated.
You hit the orc.
Your flesh rots away as the Orb of Zot is desecrated. x3
Your tail-slap misses the orc.
The orc is severely wounded.
Your flesh rots away as the Orb of Zot is desecrated. x3
Ouch! That really hurt!
You die...

########## ######## .....####
####... ........### ###......
..........## ##........
...........# ▓▓▓▓▓▓▓▓▓ #.........
...........▓▓▓.......▓▓▓.........
...........▓▓.........▓▓.........
...........▓.....o.....▓o........
................@o....o..........
...........▓...........▓.........
...........▓▓.........▓▓.........
...........▓▓▓.......▓▓▓.........
...........▓ ▓▓▓▓▓▓▓▓▓ ▓.........
..........▓▓ ▓▓........
........▓▓▓ ▓▓▓...... .....▓▓▓▓
▓▓▓▓... ▓▓▓▓▓▓▓▓▓ ▓▓▓▓▓▓▓


You could see 4 orcs.

Vanquished Creatures
  A worker ant (Zot)
  An ooze (Zot)
  9 goblins (Zot)
  A jackal (Zot)
  4 ball pythons (Zot)
  2 bats (Zot)
  5 giant newts (Zot)
  10 kobolds (Zot)
  3 rats (Zot)
36 creatures vanquished.

Notes
Turn   | Place    | Note
--------------------------------------------------------------
     0 | Zot      | IWILLDERPYOU, the Draconian Conjurer, began the quest for the Orb.
     0 | Zot      | Reached XP level 1. HP: 14/14 MP: 3/3
   236 | Zot      | Reached XP level 2. HP: 20/20 MP: 2/4
   295 | Zot      | Reached XP level 3. HP: 26/26 MP: 3/6
   315 | Zot      | Reached skill level 5 in Conjurations
   493 | Zot      | Reached XP level 4. HP: 32/34 MP: 0/7
   613 | Zot      | Rotted away (an orc)

Action                   |  1- 3 |  4- 6 || total
-------------------------+-------+-------++-------
Melee: Dagger            |    87 |       ||    87
       Unarmed           |     1 |       ||     1
       Short sword       |     2 |    22 ||    24
 Cast: Magic Dart        |    23 |     1 ||    24
